 Dungeon Crawl Stone Soup version 0.29-a0-23-ga79f92ac9c (webtiles) character file.

Game seed: 18337663307727880889

7352 HallandMoats the Fighter (level 10, 0/96 HPs)
             Began as a Minotaur Fighter on Jan 31, 2022.
             Was an Elder of Cheibriados.
             Slain by a polar bear (1 damage)
             ... in an ice cave.
             The game lasted 00:12:08 (9094 turns).

HallandMoats the Fighter (Minotaur Fighter)         Turns: 9094, Time: 00:12:09

Health: 0/96       AC:  8    Str: 31    XL:     10   Next: 91%
Magic:  0/14       EV: 15    Int: 14    God:    Cheibriados [****..]
Gold:   782        SH:  7    Dex: 22    Spells: 9/9 levels left

rFire   . . .      SeeInvis .   b - +4 falchion (elec)
rCold   . . .      Faith    .   c - +0 buckler
rNeg    . . .      Spirit   +   C - +0 troll leather armour {Pargi}
rPois   .          Reflect  .   (helmet restricted)
rElec   .          Harm     .   v - +0 cloak
rCorr   .          Rampage  .   w - +0 pair of gloves
Will    .....                   (no boots)
Stlth   ++........              A - amulet of guardian spirit
HPRegen 1.06/turn               n - ring of flight
MPRegen 0.14/turn               (no ring)

@: mighty, flying, studying Fighting, very slow
A: horns 2, retaliatory headbutt
a: Renounce Religion, Bend Time, Temporal Distortion, Slouch


You were in an ice cave.
You worshipped Cheibriados.
Cheibriados was greatly pleased with you.
You visited 2 branches of the dungeon, and saw 12 of its levels.
You also visited: Sewer and Ice Cave.

You collected 782 gold pieces.

Inventory:

Hand Weapons
 a - a +0 war axe
 b - a +4 falchion of electrocution (weapon)
Armour
 c - a +0 buckler (worn)
 q - an orb of light
 v - a +0 cloak (worn)
 w - a +0 pair of gloves (worn)
 C - a +0 troll leather armour (worn) {Pargi}
 F - a +2 scale mail of positive energy
 I - the +0 ring mail "Uxiynli" {rF- Dex+6 Slay+2}
   (You found it on level 7 of the Dungeon)

   Dex:       It affects your dexterity (+6).
   Slay:      It affects your accuracy & damage with ranged weapons and melee
   (+2).
   rF:        It makes you vulnerable to fire.
Jewellery
 n - a ring of flight (left hand)
 A - an amulet of guardian spirit (around neck)
Wands
 K - a wand of paralysis (10)
 P - a wand of flame (13)
 Q - a wand of polymorph (6)
Scrolls
 e - 5 scrolls of amnesia {unknown}
 h - 4 scrolls of enchant armour {unknown}
 l - a scroll of vulnerability {unknown}
 m - 2 scrolls of immolation {unknown}
 o - 2 scrolls of teleportation {unknown}
 r - a scroll of summoning
 s - 2 scrolls of torment {unknown}
 y - a scroll of holy word
 z - a scroll of fear
 D - a scroll of brand weapon
 E - 2 scrolls of fog {unknown}
 J - a scroll of silence {unknown}
Potions
 d - a potion of might
 f - 3 potions of haste {unknown}
 i - 7 potions of curing {unknown}
 j - a potion of flight {unknown}
 p - 2 potions of resistance {unknown}
 t - 2 potions of berserk rage {unknown}
 u - 5 potions of heal wounds {unknown}
 x - 6 potions of brilliance {unknown}
 G - a potion of lignification {unknown}
 H - a potion of magic {unknown}
 M - 2 potions of mutation {unknown}
 N - a potion of invisibility {unknown}
 O - a potion of degeneration {unknown}


   Skills:
 * Level 11.6 Fighting
 * Level 9.0 Long Blades
 - Level 3.7 Axes
 + Level 7.8 Armour
 + Level 5.9 Dodging
 + Level 7.6 Shields
 * Level 7.8 Invocations


You had 9 spell levels left.
You didn't know any spells.
Your spell library contained the following spells:

 Spells                   Type           Power      Damage    Failure   Level
 Animate Skeleton         Necr           0%         N/A       36%         1
 Apportation              Tloc           0%         N/A       36%         1
 Beastly Appendage        Tmut           0%         N/A       36%         1
 Summon Small Mammal      Summ           0%         N/A       36%         1
 Blink                    Tloc           0%         N/A       52%         2
 Wereblood                Tmut           0%         N/A       52%         2
 Gell's Gravitas          Tloc           0%         N/A       75%         3
 Lesser Beckoning         Tloc           0%         N/A       75%         3
 Spider Form              Tmut/Pois      0%         N/A       75%         3
 Teleport Other           Tloc           0%         N/A       75%         3
 Animate Armour           Summ/Erth      0%         N/A       98%         4
 Summon Lightning Spire   Summ/Air       0%         N/A       98%         4
 Blade Hands              Tmut           0%         N/A       100%        5
 Manifold Assault         Tloc           0%         N/A       100%        5
 Iron Shot                Conj/Erth      0%         9d1       100%        6
 Storm Form               Tmut/Air       0%         N/A       100%        7
 Maxwell's Capacitive Co  Air            0%         ∞         100%        8


Dungeon Overview and Level Annotations

Branches:
Dungeon (11/15)            Temple (1/1) D:4            Lair (0/6) D:9
    Orc (0/2) D:11          Sewer (visited)           IceCv (1/1)

Altars:
Ashenzari
Cheibriados
Dithmenos
Elyvilon
Fedhas
Gozag
Hepliaklqana
Kikubaaqudgha
Makhleb
Nemelex Xobeh
Okawaru
Qazlal
Ru
Sif Muna
Trog
Uskayaw
Vehumet
Wu Jian
Xom
Yredelemnul
Zin
The Shining One

Shops:
D:6 (   D:7 [


Innate Abilities, Weirdness & Mutations

You have a pair of horns on your head.
You reflexively headbutt those who attack you in melee.


Message History

Cheibriados thoroughly appreciates the change of pace.
You slash the rime drake!
You kill the rime drake!
Cheibriados appreciates the change of pace.
The death yak gores you but does no damage.
The polar bear goes berserk!
The yak closely misses you.
Your Long Blades skill increases to level 9!
Unknown command.
You slash the death yak!
You headbutt the death yak, but do no damage.
The death yak is moderately wounded.
The ice encasing you melts away. You block the death yak's attack.
The polar bear bites you!
* * * LOW HITPOINT WARNING * * *
The polar bear claws you but does no damage.
The polar bear misses you. The yak completely misses you.
The polar bear misses you. The polar bear barely misses you.
The polar bear closely misses you.
You feel very mighty all of a sudden. The death yak barely misses you.
The polar bear bites you!
* * * LOW HITPOINT WARNING * * *
The polar bear closely misses you. x2; The polar bear misses you.
The polar bear closely misses you. The polar bear misses you.
The yak barely misses you.
Unknown command.
You slash the polar bear!
The polar bear is almost dead.
The polar bear misses you. The polar bear claws you.
* * * LOW HITPOINT WARNING * * *
The polar bear barely misses you. The death yak completely misses you.
The polar bear bites you.
* * * LOW HITPOINT WARNING * * *
You block the polar bear's attack.
The polar bear claws you but does no damage.
The polar bear bites you.
* * * LOW HITPOINT WARNING * * *
The polar bear claws you.
* * * LOW HITPOINT WARNING * * *
The polar bear claws you.
You die...

. #. #.. #### #...
#### ##..## #....
##..#####....##
#....##.YYh##..††...#
#....k..#@h.....?.∩.#
#....Yk###..........#
..#...###
##..##....## .....#
######..## ..... ####
.... ... ...


You could see a death yak, 2 polar bears and a yak.

Vanquished Creatures
  A manticore (D:11)
  A gargoyle (D:10)
  2 rime drakes (IceCv)
  2 trolls (D:10)
  A polar bear (IceCv)
  A hornet (D:8)
  Prince Ribbit (D:7)
  Sigmund (D:5)
  2 wraiths
  A shadow (D:11)
  A steam dragon (D:7)
  Eustachio (D:6)
  An acid dragon (D:10)
  A water moccasin (D:7)
  An orc warrior (D:8)
  2 sky beasts (D:5)
  4 black bears
  2 necrophages (D:6)
  Pargi (Sewer)
  3 ice beasts
  4 centaurs
  2 phantoms
  5 wolves (IceCv)
  2 kobold brigands (D:9)
  4 bullfrogs
  2 scorpions
  A water moccasin skeleton (D:7)
  6 killer bees (D:7)
  4 wights (D:9)
  2 howler monkeys
  A bullfrog zombie (D:5)
  2 jellies (D:6)
  A centaur zombie (D:8)
  3 orc priests
  Crazy Yiuf (D:3)
  2 hounds (D:5)
  3 iguanas
  Jessica (D:2)
  Terence (D:3)
  9 orc wizards
  2 killer bee zombies
  8 adders
  2 howler monkey zombies
  12 white imps (D:11)
  An ufetubus (D:5)
  An adder skeleton (D:5)
  2 worms
  A dart slug (D:2)
  23 orcs
  4 bats
  3 endoplasms
  10 giant cockroaches
  9 goblins
  4 hobgoblins
  7 quokkas
  9 ball pythons
  7 frilled lizards
  15 kobolds
  6 rats
212 creatures vanquished.

Vanquished Creatures (others)
  13 plants (D:6)
13 creatures vanquished.

Grand Total: 225 creatures vanquished

Notes
Turn   | Place    | Note
-------+----------+-------------------------------------------
     0 | D:1      | HallandMoats the Minotaur Fighter began the quest for the
                  | Orb.
     0 | D:1      | Reached XP level 1. HP: 19/19 MP: 0/0
   299 | D:1      | Reached XP level 2. HP: 27/27 MP: 1/1
   610 | D:1      | Found a faded altar of an unknown god.
   781 | D:2      | Reached skill level 4 in Fighting
   834 | D:2      | Reached skill level 1 in Invocations
   834 | D:2      | Reached XP level 3. HP: 33/33 MP: 2/2
  1038 | D:2      | Reached skill level 1 in Dodging
  1259 | D:2      | Found a radiant altar of Vehumet.
  1273 | D:2      | Noticed Jessica
  1279 | D:2      | Killed Jessica
  1280 | D:2      | Reached XP level 4. HP: 40/40 MP: 4/4
  1382 | D:3      | Noticed Terence
  1385 | D:3      | Killed Terence
  1552 | D:3      | Reached XP level 5. HP: 18/47 MP: 5/5
  1920 | D:3      | Found a runed translucent door.
  1921 | D:3      | Noticed Crazy Yiuf
  2249 | D:3      | Killed Crazy Yiuf
  2503 | D:4      | Noticed a black bear
  2508 | D:4      | Reached skill level 1 in Long Blades
  2522 | D:4      | Killed a black bear
  2523 | D:4      | Reached XP level 6. HP: 40/55 MP: 6/6
  2524 | D:4      | Reached skill level 5 in Fighting
  2673 | D:4      | Found a staircase to the Ecumenical Temple.
  2709 | Temple   | Entered the Ecumenical Temple
  3076 | Temple   | Became a worshipper of Cheibriados the Contemplative
  3534 | D:5      | Entered Level 5 of the Dungeon
  3536 | D:5      | Noticed Sigmund
  3542 | D:5      | Killed Sigmund
  3543 | D:5      | Reached XP level 7. HP: 39/61 MP: 8/8
  3770 | D:5      | Reached * piety under Cheibriados
  3771 | D:5      | Reached skill level 5 in Armour
  3804 | D:5      | Reached skill level 6 in Fighting
  3804 | D:5      | Reached skill level 5 in Shields
  3958 | D:5      | Reached XP level 8. HP: 60/70 MP: 8/10
  4269 | D:6      | Reached skill level 5 in Long Blades
  4272 | D:6      | Reached skill level 7 in Fighting
  4301 | D:6      | Found Cerio's Antique Weapon Emporium.
  4310 | D:6      | Reached skill level 5 in Invocations
  4466 | D:6      | Reached XP level 9. HP: 76/79 MP: 9/11
  4538 | D:6      | Found a glowing drain.
  4539 | D:6      | Reached ** piety under Cheibriados
  4549 | Sewer    | Entered a sewer
  4596 | Sewer    | Noticed Pargi
  4605 | Sewer    | Killed Pargi
  4911 | D:6      | Noticed Eustachio
  4918 | D:6      | Killed Eustachio
  5297 | D:7      | Reached skill level 8 in Fighting
  5537 | D:7      | Noticed Prince Ribbit
  5545 | D:7      | Identified the +0 ring mail "Uxiynli" {rF- Dex+6 Slay+2}
  5555 | D:7      | Killed Prince Ribbit
  5596 | D:7      | Found Otiahekh's Antique Armour Emporium.
  6207 | D:7      | Reached *** piety under Cheibriados
  6936 | D:8      | Reached skill level 9 in Fighting
  6957 | D:8      | Reached skill level 5 in Dodging
  7195 | D:8      | Reached XP level 10. HP: 91/91 MP: 13/13
  7408 | D:9      | Found a staircase to the Lair.
  7857 | D:9      | Reached **** piety under Cheibriados
  7989 | D:10     | Entered Level 10 of the Dungeon
  8083 | D:10     | Noticed a gargoyle
  8086 | D:10     | Killed a gargoyle
  8087 | D:10     | Reached skill level 10 in Fighting
  8303 | D:10     | Found a shimmering blue altar of Sif Muna.
  8857 | D:11     | Noticed a manticore
  8860 | D:11     | Killed a manticore
  8934 | D:11     | Found a frozen archway.
  8951 | D:11     | Reached skill level 11 in Fighting
  8966 | D:11     | Found a staircase to the Orcish Mines.
  8973 | IceCv    | Entered an ice cave
  9076 | IceCv    | Noticed a death yak
  9094 | IceCv    | HP: 1/96 [polar bear (5)]
  9094 | IceCv    | Slain by a polar bear

Illustrated notes

Levels and vault maps discovered:
D:1:      lemuel_arrival_behind_the_door_small, layout_basic,
          dreamdust_ecumenical_altar_hidden_monk_grotto, minmay_misc_feat_chi
D:2:      layout_loops_cross, basic_altar, uniq_jessica
D:3:      layout_loops_cross, hex_medium, uniq_crazy_yiuf_cottage, uniq_terence
D:4:      layout_loops_cross, minmay_temple_entry_antechambers
D:5:      layout_cave_pools, uniq_sigmund
D:6:      layout_gridville, serial_shops, nicolae_square_shop,
          gup_sewer_entry_pipe, supply_closet_lemuel, serial_bayou_lagoon_a,
          uniq_eustachio
D:7:      layout_layer_cave, serial_shops, shop, minmay_manual_mail,
          uniq_prince_ribbit1
D:8:      layout_basic
D:9:      layout_roguey, lair_entry_dummy, columned_hall_lemuel
D:10:     layout_basic, mainiacjoe_overflow_24_doors
D:11:     layout_basic, portal_ice_cave_entry_imps, kennysheep_nondescript,
          roderic_batcave, nicolae_tso_swordbearing_angel, uniq_urug
Temple:   mainiacjoe_temple_trianglar_array
IceCv:    ice_cave_small_giant

Skill      XL: |  1  2  3  4  5  6  7  8  9 10 |
---------------+-------------------------------+-----
Fighting       | 4 5 6 7 9 11 | 11.6
Axes           | 3 |  3.7
Invocations    | 1 2 3 4 5 6 7 |  7.8
Armour         | 4 5 6 7 |  7.8
Dodging        | 1 2 3 4 5 |  5.9
Shields        | 4 5 6 7 |  7.6
Long Blades    | 1 2 4 5 7 9 |  9.0

Action                   |  1- 3 |  4- 6 |  7- 9 | 10-12 || total
-------------------------+-------+-------+-------+-------++-------
Melee: War axe           |    63 |     5 |       |       ||    68
       Headbutt          |     3 |     8 |    26 |    35 ||    72
       Falchion          |       |    51 |   175 |   143 ||   369
Invok: Slouch            |       |       |       |     1 ||     1
Evoke: Wand              |       |       |       |     3 ||     3
  Use: Scroll            |       |       |       |     7 ||     7
       Potion            |       |       |       |     2 ||     2
 Stab: Paralysed         |       |       |       |     1 ||     1
       Sleeping          |       |       |       |     1 ||     1
Armor: Scale mail        |    23 |    24 |    63 |       ||   110
       Troll leather arm |       |       |    18 |    65 ||    83
Dodge: Dodged            |    32 |    25 |   126 |   180 ||   363
Block: Buckler           |     9 |       |       |    91 ||   100

Table legend: (Time is in decaauts)
 A = Elapsed time spent in this place.
 B = Non-inter-level travel time spent in this place.
 C = Inter-level travel time spent in this place.
 D = Time resting spent in this place.
 E = Time spent auto-exploring this place.
 F = Levels seen in this place.
 G = Mean time per level.
                   A        B        C        D        E       F      G
               +--------+--------+--------+--------+--------+-----+--------+
         Total |  11755 |  11297 |    458 |    128 |   9611 |  14 |  839.6 |
       Dungeon |  10902 |  10500 |    402 |     54 |   9027 |  11 |  991.1 |
        Temple |    397 |    341 |     56 |      0 |    334 |   1 |  397.0 |
         Sewer |    324 |    324 |      0 |      0 |    237 |   1 |  324.0 |
      Ice Cave |    130 |    130 |      0 |     74 |     12 |   1 |  130.0 |
               +--------+--------+--------+--------+--------+-----+--------+

Top non-repeatable levels by time:
     D:7: 1997 daAuts
    D:10: 1423 daAuts
     D:6: 1167 daAuts
     D:9: 1110 daAuts
     D:3: 1088 daAuts
     D:8: 961 daAuts
     D:4: 873 daAuts
     D:5: 763 daAuts
     D:1: 714 daAuts
     D:2: 629 daAuts
  Temple: 397 daAuts
   Sewer: 324 daAuts
    D:11: 172 daAuts
   IceCv: 130 daAuts
